 Dungeon Crawl Stone Soup version 0.17-a0-1617-gfba1302 (webtiles) character file.

12793 matakusis the Nimble (level 11, -3/75 HPs)
             Began as a Demonspawn Gladiator on Aug 1, 2015.
             Was a Priest of Qazlal.
             Slain by a ten-headed hydra (6 damage)
             ... on level 1 of the Lair of Beasts.
             The game lasted 01:05:43 (9896 turns).

matakusis the Nimble (Demonspawn Gladiator)         Turns: 9896, Time: 01:05:43

Health: -3/75      AC: 18    Str: 21    XL:     11   Next: 67%
Magic:  8/10       EV: 16    Int: 16    God:    Qazlal [***...]
Gold:   500        SH:  4    Dex:  9    Spells: 1 memorised, 7 levels left

rFire  + . .     SeeInvis .     w - +2 hand axe (venom)
rCold  + . .     Clarity  +     M - +2 robe {rC+}
rNeg   . . .     SustAt   .     (no shield)
rPois  +         Gourm    .     x - +1 hat
rElec  .         Spirit   .     j - +1 cloak
rCorr  .         Warding  .     O - +1 pair of gloves {Str+3}
rMut   .         Stasis   .     (no boots)
MR     .....                    v - amulet of clarity
Stlth  +.........               D - +3 ring of protection
                                u - +5 ring of intelligence

@: not resistant to hostile enchantments, very unstealthy
A: claws 1, talons 2, rough black scales 2, clumsy 1, deformed body, fire
resistance 1, frail 1, low mp 1, poison resistance, spiny 2, MP-powered wands
a: Upheaval, Elemental Force, Renounce Religion


You were on level 1 of the Lair of Beasts.
You worshipped Qazlal.
Qazlal was most pleased with you.
You were hungry.

You visited 3 branches of the dungeon, and saw 11 of its levels.

You collected 621 gold pieces.
You spent 121 gold pieces at shops.

Inventory:

Hand weapons
 n - a +1 vampiric whip
 w - a +2 hand axe of venom (weapon)
 H - the +1 mace of Frustration {venom, Int+4}
   (You found it on level 6 of the Dungeon)

   It poisons the flesh of those it strikes.
   It affects your intelligence (+4).
 L - a +3 battleaxe
Missiles
 d - 5 throwing nets (quivered)
 t - 3 tomahawks of returning
Armour
 j - a +1 cloak (worn)
 x - a +1 hat (worn)
 M - a +2 robe of cold resistance (worn)
 O - a +1 pair of gloves of strength (worn)
Magical staves
 K - an uncursed staff of air {unknown}
Rods
 k - a cursed +0 lightning rod (10/10)
   (You found it on level 1 of the Lair of Beasts)
 Q - a +0 iron rod (11/11)
   (You found it on level 8 of the Dungeon)
Jewellery
 b - an uncursed ring of ice
 u - a +5 ring of intelligence (left hand)
 v - an amulet of clarity (around neck)
 D - a +3 ring of protection (right hand)
 I - an uncursed ring of fire
Magical devices
 f - a wand of random effects (48)
 g - a wand of slowing (21)
 C - a wand of paralysis (4)
 R - a wand of disintegration (9)
 S - a wand of confusion (33)
Scrolls
 c - a scroll of magic mapping
 h - a scroll of fear
 i - 3 scrolls of recharging
 o - 7 scrolls of remove curse
 p - a scroll of amnesia
 r - a scroll of enchant armour
 y - 3 scrolls of enchant weapon
 J - a scroll of fog
 P - 2 scrolls of teleportation
Potions
 q - a potion of flight
 G - a potion of brilliance
Books
 m - a book of Party Tricks

   Spells                             Type                      Level
   a - Summon Butterflies             Summoning                    1
   b - Apportation                    Translocation                1
   c - Tukima's Dance                 Hexes                        3
   d - Alistair's Intoxication        Transmutation/Poison         4
   e - Invisibility                   Hexes                        6
Miscellaneous
 F - an ornate deck of defence
Comestibles
 e - 4 bread rations
 l - 3 slices of pizza
 s - 2 beef jerkies
 z - 2 royal jellies
 A - 9 fruits
 E - 4 meat rations


   Skills:
 + Level 7.2 Fighting
 + Level 5.6(7.6) Axes
 * Level 8.0(8.8) Maces & Flails
 - Level 1.7 Throwing
 + Level 4.2 Armour
 + Level 11.0 Dodging
 * Level 6.4 Hexes
 + Level 1.1 Invocations


You had 7 spell levels left.
You knew the following spells:

 Your Spells              Type           Power        Failure   Level  Hunger
a - Tukima's Dance        Hex            ###.....     8%          3    ####...


Dungeon Overview and Level Annotations

Branches:
Dungeon (9/15)             Temple (1/1) D:5            Lair (1/8) D:9
    Orc: D:9-12

Altars:
Ashenzari
Cheibriados
Dithmenos
Elyvilon
Fedhas
Gozag
Kikubaaqudgha
Makhleb
Nemelex Xobeh
Okawaru
Qazlal
Ru
Sif Muna
Trog
Vehumet
Xom
Yredelemnul
Zin
The Shining One

Shops:
D:7 [

Annotations:
Lair:1 Urug


Innate Abilities, Weirdness & Mutations

You have razor-sharp toenails.
You are mostly covered in rough black scales (AC +7, Dex -2).
Your flesh is heat resistant.
You are mostly covered in sharp spines.
You have sharp fingernails.
You are clumsy. (Dex -2)
Armour fits poorly on your strangely shaped body.
You are frail (-10% HP).
Your magical capacity is low (-10% MP).
Your system is resistant to poisons.
You expend magic power (3 MP) to strengthen your wands.


Message History

You block the nine-headed hydra's attack.
The nine-headed hydra closely misses you.
The nine-headed hydra bites you!
* * * LOW HITPOINT WARNING * * *
The nine-headed hydra barely misses you.
You hack one of the nine-headed hydra's heads off!
The eight-headed hydra grows two more!
You hit the ten-headed hydra. Your kick misses the ten-headed hydra.
The ten-headed hydra is heavily wounded.
You block the ten-headed hydra's attack.
The ten-headed hydra bites you.
* * * LOW HITPOINT WARNING * * *
The ten-headed hydra bites you but does no damage.
The ten-headed hydra closely misses you.
The ten-headed hydra bites you but does no damage.
You block the ten-headed hydra's attack.
The ten-headed hydra bites you!
* * * LOW HITPOINT WARNING * * *
The ten-headed hydra bites you.
You die...

#....#....###......'# ##.........
#...#......##.......####.....#..#
.............................#...
...............................>.
.................................
..............#.#.........####.##
...............##........## #....
..............##§........## ##...
÷..............D@.........####...
÷.............#.....##.....##....
...#P##......###....###......§..(
..######.....# ##...P###........#
...# ##....# ##...# ##......##
..## #..(.# #...###......# ..#
#....# #....#......# ..# ##...##
#...........## ..# ##...##
#...........#


You could see a ten-headed hydra.

Vanquished Creatures
  Gastronok (Lair:1)
  Fannar (Lair:1)
  The ghost of Chiseanne the Covert, an experienced DsWn of Makhleb (D:6)
  Pikel (D:4)
  Maurice (D:9)
  Joseph (D:8)
  2 centaur skeletons (D:8)
  A spiny frog (Lair:1)
  A komodo dragon (Lair:1)
  The ghost of Alipheese the Poker, an average NaFi (D:6)
  A two-headed ogre (D:9)
  16 yaks
  4 hippogriffs
  3 sky beasts
  Duvessa (D:5)
  A porcupine (Lair:1)
  2 ice beasts
  3 ogres
  3 centaurs
  4 slaves (D:4)
  A black bear (D:8)
  An eye of draining (D:8)
  2 phantoms
  5 orc warriors
  2 big kobolds
  Blork the orc (D:4)
  Dowan (D:5)
  5 giant frogs
  10 scorpions
  3 wights (D:8)
  The ghost of thrall606 the Conjurer, a weakling DsCj (D:3)
  6 crimson imps
  A jelly (D:7)
  A centaur zombie (D:5)
  6 hounds
  2 gnoll shamans
  4 orc priests
  9 orc wizards
  2 iguanas
  2 worker ants
  12 sheep (Lair:1)
  A hound zombie (D:6)
  A worker ant zombie (D:9)
  14 gnolls
  11 adders
  2 shadow imps (D:5)
  An ooze (D:1)
  An adder zombie (D:8)
  A worm (D:2)
  An adder skeleton (D:8)
  7 giant geckos
  24 orcs
  3 ball pythons
  6 giant cockroaches
  3 goblins
  6 hobgoblins
  20 jackals
  3 quokkas
  9 bats
  5 giant newts
  35 kobolds
  A quokka skeleton (D:4)
  A quokka zombie (D:6)
  2 rats
284 creatures vanquished.

Vanquished Creatures (others)
  An orc wizard (D:9)
  A fungus (Lair:1)
2 creatures vanquished.

Grand Total: 286 creatures vanquished

Notes
Turn   | Place    | Note
--------------------------------------------------------------
     0 | D:1      | matakusis the Demonspawn Gladiator began the quest for the Orb.
     0 | D:1      | Reached XP level 1. HP: 16/16 MP: 1/1
   323 | D:1      | Gained mutation: You are partially covered in sharp spines. [demonic ancestry]
   323 | D:1      | Reached XP level 2. HP: 15/22 MP: 2/2
   324 | D:1      | Reached skill level 3 in Axes
   837 | D:2      | Gained mutation: Your flesh is heat resistant. [demonic ancestry]
   837 | D:2      | Reached XP level 3. HP: 27/27 MP: 3/3
  1274 | D:2      | Gained mutation: You have sharp toenails. [demonic ancestry]
  1274 | D:2      | Reached XP level 4. HP: 29/34 MP: 4/4
  1649 | D:3      | Noticed thrall606's ghost (weakling DsCj)
  1655 | D:3      | Killed thrall606's ghost
  1655 | D:3      | Reached skill level 4 in Dodging
  1655 | D:3      | Gained mutation: You are partially covered in rough black scales (AC +4, Dex -1). [demonic ancestry]
  1655 | D:3      | Reached XP level 5. HP: 10/39 MP: 5/5
  1966 | D:3      | Reached skill level 1 in Armour
  2236 | D:4      | Reached skill level 1 in Maces & Flails
  2236 | D:4      | Reached XP level 6. HP: 31/46 MP: 6/6
  2267 | D:4      | Noticed Pikel
  2267 | D:4      | Noticed a slave
  2267 | D:4      | Noticed a slave
  2267 | D:4      | Noticed a slave
  2267 | D:4      | Noticed a slave
  2279 | D:4      | Killed a slave
  2291 | D:4      | Killed a slave
  2294 | D:4      | Killed a slave
  2302 | D:4      | Killed a slave
  2304 | D:4      | Killed Pikel
  2304 | D:4      | Reached skill level 5 in Dodging
  2304 | D:4      | Reached XP level 7. HP: 30/52 MP: 7/7
  2318 | D:4      | Noticed Blork the orc
  2337 | D:4      | Killed Blork the orc
  2348 | D:4      | Found an opulent altar of Gozag.
  2382 | D:4      | Reached skill level 6 in Dodging
  3052 | D:5      | Entered Level 5 of the Dungeon
  3052 | D:5      | Found a bloodstained altar of Trog.
  3065 | D:5      | Gained mutation: You are mostly covered in rough black scales (AC +7, Dex -2). [demonic ancestry]
  3065 | D:5      | Reached XP level 8. HP: 58/60 MP: 8/8
  3110 | D:5      | Found a staircase to the Ecumenical Temple.
  3127 | Temple   | Entered the Ecumenical Temple
  3205 | Temple   | Became a worshipper of Qazlal Stormbringer
  3432 | D:5      | Noticed Duvessa
  3433 | D:5      | Noticed Dowan
  3440 | D:5      | Killed Duvessa
  3440 | D:5      | Reached skill level 7 in Dodging
  3445 | D:5      | Killed Dowan
  3620 | D:5      | Acquired Qazlal's first power
  3676 | D:5      | Found a shadowy altar of Dithmenos.
  4026 | D:6      | Noticed Chiseanne's ghost (experienced DsWn)
  4326 | D:6      | Got an ichor-stained mace
  4328 | D:6      | Identified the +1 mace of Frustration {venom, Int+4} (You found it on level 6 of the Dungeon)
  4333 | D:6      | Learned a level 3 spell: Tukima's Dance
  4539 | D:6      | Reached skill level 1 in Hexes
  4539 | D:6      | Gained mutation: You have razor-sharp toenails. [demonic ancestry]
  4539 | D:6      | Reached XP level 9. HP: 59/66 MP: 9/9
  4592 | D:6      | Killed Chiseanne's ghost
  4592 | D:6      | Reached skill level 8 in Dodging
  4671 | D:6      | Acquired Qazlal's second power
  4826 | D:6      | Noticed Alipheese's ghost (average NaFi)
  4836 | D:6      | Killed Alipheese's ghost
  4836 | D:6      | Reached skill level 5 in Fighting
  4836 | D:6      | Reached skill level 5 in Maces & Flails
  5428 | D:7      | Found Eddiotud's Antique Armour Shop.
  5436 | D:7      | Bought a pair of embroidered gloves for 121 gold pieces
  5465 | D:7      | Found a deep blue altar of Sif Muna.
  5755 | D:7      | Reached skill level 9 in Dodging
  5840 | D:8      | Noticed a centaur skeleton
  5856 | D:8      | Killed a centaur skeleton
  5856 | D:8      | Reached XP level 10. HP: 60/74 MP: 10/10
  6263 | D:8      | Gained mutation: You are frail (-10% HP). [mutagenic meat]
  6266 | D:8      | Gained mutation: Your magical capacity is low (-10% MP). [potion of mutation]
  6266 | D:8      | Gained mutation: Armour fits poorly on your strangely shaped body. [potion of mutation]
  6266 | D:8      | Gained mutation: You have sharp fingernails. [potion of mutation]
  6270 | D:8      | Gained mutation: Your system is resistant to poisons. [mutagenic meat]
  6271 | D:8      | Gained mutation: You are clumsy. (Dex -2) [mutagenic meat]
  6272 | D:8      | Gained mutation: You expend magic power (3 MP) to strengthen your wands. [mutagenic meat]
  6440 | D:8      | Noticed Joseph
  6461 | D:8      | Killed Joseph
  7009 | D:9      | Acquired Qazlal's third power
  7212 | D:9      | Noticed Maurice
  7226 | D:9      | Paralysed by something for 4 turns
  7227 | D:9      | Killed Maurice
  7335 | D:9      | Reached skill level 10 in Dodging
  7392 | D:9      | Found a staircase to the Lair.
  7740 | D:9      | Reached skill level 5 in Hexes
  8345 | D:9      | Gained mutation: You are mostly covered in sharp spines. [demonic ancestry]
  8345 | D:9      | Reached XP level 11. HP: 65/74 MP: 9/9
  8430 | Lair:1   | Entered Level 1 of the Lair of Beasts
  8430 | Lair:1   | Noticed Fannar
  8449 | Lair:1   | Noticed Gastronok
  8449 | Lair:1   | Killed Fannar
  8489 | Lair:1   | Killed Gastronok
  8489 | Lair:1   | Reached skill level 5 in Axes
  8746 | Lair:1   | Reached skill level 1 in Invocations
  9222 | Lair:1   | Noticed Urug
  9396 | Lair:1   | Noticed an eight-headed hydra
  9481 | Lair:1   | Acquired Qazlal's fourth power
  9593 | Lair:1   | Reached skill level 11 in Dodging
  9896 | Lair:1   | HP: 3/75 [ten-headed hydra (11)]
  9896 | Lair:1   | Slain by a ten-headed hydra

Vault maps used:
D:1:      zelgadis_glass_arrival_small
D:2:      patterned_corridor
D:3:      first_bread, kennysheep_cross_room
D:4:      grunt_gozag_breadcrumbs, uniq_blork_the_orc, uniq_pikel
D:5:      kennysheep_kobold_camp, lemuel_doored_altar,
          minmay_temple_entry_large_hall, basic_altar, uniq_duvessa
D:6:      grunt_decor_one_mirror
D:7:      serial_shops, nicolae_shop_temple_entry_statues_fountains,
          led_sif_book
D:8:      the_bakery, hangedman_abyss_or_decor_stabs, eino_tiny_chamber,
          minmay_misc_feat_roman, minivault_26, nicolae_wwwww, uniq_joseph
D:9:      lair_0_dummy, grunt_ministairs_3, uniq_maurice
Temple:   grunt_circular_temple_18
Lair:1:   serial_bayou_pond_e, minivault_19, lemuel_fruit_tree,
          grunt_megastairs_4, uniq_fannar, uniq_gastronok, uniq_urug

Action                   |  1- 3 |  4- 6 |  7- 9 | 10-12 || total
-------------------------+-------+-------+-------+-------++-------
Melee: War axe           |    44 |    35 |       |       ||    79
       Whip              |       |    89 |   394 |   183 ||   666
       Hand axe          |       |       |       |   237 ||   237
 Cast: Tukima's Dance    |       |       |       |     2 ||     2
Invok: Upheaval          |       |       |       |     1 ||     1
       Elemental Force   |       |       |       |     1 ||     1
  Use: Scroll            |       |     8 |     5 |    10 ||    23
       Potion            |       |     4 |     4 |    10 ||    18
 Stab: Sleeping          |     2 |       |       |       ||     2
       Invisible         |       |       |     1 |       ||     1
  Eat: Chunk             |     1 |     3 |    10 |    12 ||    26
       Bread ration      |       |     1 |     2 |     1 ||     4
       Fruit             |       |       |       |     1 ||     1
